 Dungeon Crawl Stone Soup version 0.28.0 (webtiles) character file.

Game seed: 11597656036453620087

9 Sanktem7 the Sneak (level 2, 0/13 HPs)
             Began as a Spriggan Enchanter on Feb 7, 2022.
             Frozen to death by an endoplasm (5 damage)
             ... on level 1 of the Dungeon.
             The game lasted 00:01:35 (450 turns).

Sanktem7 the Sneak (Spriggan Enchanter)              Turns: 450, Time: 00:01:35

Health: 0/13       AC:  2    Str:  4    XL:     2   Next: 3%
Magic:  6/6        EV: 17    Int: 16    God:
Gold:   8          SH:  0    Dex: 15    Spells: 6/6 levels left

rFire   . . .      SeeInvis +   a - +1 dagger
rCold   . . .      Faith    .   (no shield)
rNeg    . . .      Spirit   .   b - +0 robe
rPois   .          Reflect  .   (helmet restricted)
rElec   .          Harm     .   (no cloak)
rCorr   .          Rampage  .   (gloves unavailable)
Will    .....                   (boots unavailable)
Stlth   +++.......              (no amulet)
HPRegen 0.04/turn               (no ring)
MPRegen 0.10/turn               (no ring)

@: invisible, very quick
A: very small, no large weapons, unfitting armour, see invisible, speed 3
a: no special abilities


You were on level 1 of the Dungeon.
You visited 1 branch of the dungeon, and saw 1 of its levels.

You collected 8 gold pieces.

Inventory:

Hand Weapons
 a - a +1 dagger (weapon)
Armour
 b - a +0 robe (worn)
Potions
 c - 2 potions of invisibility
 d - a potion of haste {unknown}


   Skills:
 - Level 1.1 Short Blades
 + Level 2.7 Dodging
 * Level 4.9 Stealth
 - Level 2.6 Spellcasting
 * Level 4.0 Hexes


You had 6 spell levels left.
You didn't know any spells.
Your spell library contained the following spells:

 Spells                   Type           Power      Damage    Failure   Level
 Confusing Touch          Hex            15%        N/A       11%         3
 Tukima's Dance           Hex            15%        N/A       11%         3
 Ensorcelled Hibernation  Hex/Ice        16%        N/A       13%         2
 Dazzling Flash           Conj/Hex       16%        N/A       26%         3


Dungeon Overview and Level Annotations

Branches:
Dungeon (1/15)

Altars:


Innate Abilities, Weirdness & Mutations

You are very small and have problems with some larger weapons.
You are too small for most types of armour.
You have supernaturally acute eyesight. (SInv)
You cover ground extremely quickly. (Speed+++)


Message History

You hit the kobold.
The kobold is heavily wounded.
The kobold hits you with a +0 short sword.
* * * LOW HITPOINT WARNING * * *
Found 8 gold pieces.
You now have 8 gold pieces.
The kobold shouts!
Okay, then.
You fade into invisibility!
Unknown command.
You hit the kobold.
The kobold is moderately wounded.
You strike the helpless kobold from behind!
You puncture the kobold!
You kill the kobold!
You strike the helpless goblin from behind!
You puncture the goblin!
You kill the goblin!
Things that are here:
a +0 club; a +0 short sword; a kobold corpse The dart slug misses you.
You hit the dart slug but do no damage.
The dart slug is moderately wounded.
You hit the dart slug.
The dart slug is heavily wounded.
You hit the dart slug.
The dart slug is severely wounded.
The dart slug bites you but does no damage.
You catch the helpless dart slug completely off-guard!
You puncture the dart slug!
You kill the dart slug!
Your Hexes skill increases to level 4!
You have reached level 2!
The endoplasm quivers.
The endoplasm closely misses you.
You hit the endoplasm.
The endoplasm is moderately wounded.
The endoplasm freezes you.
You are frozen.
You die...

♣≈# ##..#.#
#.#.#####J#..#
.≈# #.....#
#.#w#####.# .#
P≈# #...#.#
#....g...## #
.≈# #...#.#
##.#####K# ♣≈#
#.....# #..#
#.# P≈#
#...#.# ###.##
#.#
≈≈###(..#.#
#....###.#
..'.......#
#....#..##
≈≈#..######
#...@J#.#
P≈##.#
#...#.#.#
P≈##.#
#..†#.###
.≈##.#
#...#..#
P≈##..
#...##.##
♣≈####
#...##..# P≈#
### ###
#######.#
.....# #.#
#.#.#.#
######.#


You could see an endoplasm.

Vanquished Creatures
  A dart slug (D:1)
  2 endoplasms (D:1)
  A goblin (D:1)
  A kobold (D:1)
  A frilled lizard (D:1)
6 creatures vanquished.

Notes
Turn   | Place    | Note
-------+----------+-------------------------------------------
     0 | D:1      | Sanktem7 the Spriggan Enchanter began the quest for the
                  | Orb.
     0 | D:1      | Reached XP level 1. HP: 9/9 MP: 5/5
   448 | D:1      | Reached XP level 2. HP: 5/13 MP: 6/6
   450 | D:1      | Frozen to death by an endoplasm

Illustrated notes

Levels and vault maps discovered:
D:1:      lightli_arrival_farm, layout_basic,
          shapermc_ecumenical_altar_notcrosses, glass_columns_c

Skill      XL: |  1 |
---------------+----+-----
Hexes          | 4 |  4.0
Short Blades   | |  1.1
Dodging        | |  2.7
Stealth        | |  4.9
Spellcasting   | |  2.6

Action                   || total
-------------------------++-------
Melee: Dagger            ||    26
  Use: Potion            ||     1
 Stab: Invisible         ||     3
       Sleeping          ||     1
Armor: Robe              ||     3
Dodge: Dodged            ||    12
